 Dungeon Crawl Stone Soup version 0.22-a0-282-gdd34a7d (webtiles) character file.

166 nikopol the Magician (level 5, -7/28 HPs)
             Began as a Deep Elf Fire Elementalist on Mar 17, 2018.
             Killed by divine providence
             ... invoked by an orc priest
              (14 damage)
             ... on level 3 of the Dungeon.
             The game lasted 00:10:44 (2116 turns).

nikopol the Magician (Deep Elf Fire Elementalist)   Turns: 2116, Time: 00:10:45

Health: -7/28      AC:  2    Str:  5    XL:     5   Next: 22%
Magic:  5/14       EV: 13    Int: 21    God:
Gold:   55         SH:  0    Dex: 15    Spells: 3/13 levels left

rFire    . . .     SeeInvis .   (no weapon)
rCold    . . .     Gourm    .   (no shield)
rNeg     . . .     Faith    .   a - +0 robe
rPois    .         Spirit   .   (no helmet)
rElec    .         Reflect  .   (no cloak)
rCorr    .         Harm     .   (no gloves)
MR       .....                  (no boots)
Stlth    ++........             (no amulet)
HPRegen  0.09/turn              (no ring)
MPRegen  0.14/turn              (no ring)

@: no status effects
A: no striking features
a: no special abilities


You were on level 3 of the Dungeon.
You were not hungry.

You visited 1 branch of the dungeon, and saw 3 of its levels.

You collected 55 gold pieces.

Inventory:

Armour
 a - a +0 robe (worn)
Jewellery
 i - an uncursed ring of protection from fire {unknown}
Scrolls
 d - a scroll of immolation {unknown}
 e - a scroll of enchant armour {unknown}
 f - 2 scrolls of remove curse {unknown}
 j - a scroll of enchant weapon {unknown}
 l - 2 scrolls of identify {unknown}
 o - a scroll of noise {unknown}
Potions
 g - a potion of mutation {unknown}
 h - 2 potions of haste {unknown}
 k - a potion of agility {unknown}
 n - 2 potions of curing {unknown}
 p - 2 potions of might {unknown}
 q - 2 potions of lignification {unknown}
 r - a potion of degeneration {unknown}
Comestibles
 c - 5 rations
 m - 4 chunks of flesh


   Skills:
 + Level 0.8 Fighting
 + Level 3.1 Dodging
 + Level 3.0 Stealth
 + Level 4.7 Spellcasting
 + Level 2.5 Conjurations
 + Level 4.3 Fire Magic


You had 3 spell levels left.
You knew the following spells:

 Your Spells              Type           Power        Failure   Level  Hunger
a - Flame Tongue          Conj/Fire      ###..        2%          1    None
b - Throw Flame           Conj/Fire      ###...       4%          2    #......
c - Conjure Flame         Conj/Fire      ###.....     9%          3    ##.....
d - Sticky Flame          Conj/Fire      ###.....     26%         4    ####...


Dungeon Overview and Level Annotations

Branches:
Dungeon (3/15)

Altars:
Wu Jian


Message History

Aiming: Flame Tongue (safe; 2% risk of failure)
Press: ? - help, Shift-Dir - straight line, f/p - orc
Aim: an orc, wearing a scale mail (heavily wounded)
The flame tongue hits the orc.
You kill the orc!
Casting: Flame Tongue (safe; 2% risk of failure)
Confirm with . or Enter, or press ? or * to list all spells.
Aiming: Flame Tongue (safe; 2% risk of failure)
Press: ? - help, Shift-Dir - straight line, f - orc
Aim: an orc, wielding a hand axe The flame tongue misses the orc.
You see here a rat skeleton.
You hear the rapid rusting of a distant drain.
You see here a scroll labeled IQEHOTH WEHOCS.
Your magical contamination has completely faded away.
You see here a scale mail.
The orc priest calls down the wrath of Beogh upon you.
Beogh smites you!
Ouch! That really hurt!
You die...

###################
###.รท....o[@........#
######...#[o#######......#
.......###.## #......#
.....#####.# #....$.# .....#
##o.# **#..))..# .....###..##
#.....oo.# .....##..##
****#.#......#
.......?.#***,,...#......#*******
..............###*#.......,,,,,,,


You could see an orc priest and an orc.

Vanquished Creatures
  2 gnolls (D:3)
  7 adders
  An ooze (D:2)
  A dart slug (D:2)
  A leopard gecko (D:2)
  10 orcs (D:3)
  9 bats
  2 giant cockroaches (D:1)
  6 goblins
  6 hobgoblins
  3 jackals
  4 frilled lizards
  9 kobolds
  11 rats
72 creatures vanquished.

Notes
Turn   | Place    | Note
-------+----------+-------------------------------------------
     0 | D:1      | nikopol the Deep Elf Fire Elementalist began the quest for the Orb.
     0 | D:1      | Reached XP level 1. HP: 10/10 MP: 6/6
   171 | D:1      | Reached XP level 2. HP: 15/15 MP: 5/8
   857 | D:2      | Reached XP level 3. HP: 19/19 MP: 7/10
   903 | D:2      | Found an ornate altar of the Wu Jian Council.
  1218 | D:1      | Learned a level 2 spell: Throw Flame
  1222 | D:1      | Learned a level 3 spell: Conjure Flame
  1228 | D:2      | Reached XP level 4. HP: 24/24 MP: 6/11
  1824 | D:3      | Learned a level 4 spell: Sticky Flame
  2009 | D:3      | Reached XP level 5. HP: 28/28 MP: 6/13
  2116 | D:3      | Killed from afar by an orc priest

Vault maps used:
D:1:      lightli_arrival_lavapool, kennysheep_another_room, minmay_tetromino_l2
D:2:      overflow_temple_1_default
D:3:      overflow_temple_1_default, first_ration, gup_sewer_entry_bubbles

Skill      XL: |  1  2  3  4 |
---------------+-------------+-----
Fire Magic     | 4 |  4.3
Conjurations   | 2 |  2.5
Stealth        | 3 |  3.0
Spellcasting   | 4 |  4.7
Dodging        | 3 |  3.1
Fighting       | |  0.8

Action                   |  1- 3 |  4- 6 || total
-------------------------+-------+-------++-------
Melee: Unarmed           |     8 |       ||     8
 Cast: Flame Tongue      |    69 |    73 ||   142
       Throw Flame       |       |     2 ||     2
  Use: Scroll            |       |     1 ||     1
  Eat: Chunk             |     1 |     2 ||     3
Armor: Robe              |    10 |     5 ||    15
Dodge: Dodged            |    65 |    18 ||    83

Table legend:
 A = Spawn XP
 B = Non-spawn XP
 C = Spawn XP percentage of total XP
 D = Spawn monster count
 E = Non-spawn monster count
 F = Spawn count percentage of total count
 G = Total turns spent on level
                    A         B        C        D         E        F      G
               +---------+---------+-------+---------+---------+-------+---------
         Total |       0 |     238 |   0.0 |       0 |      72 |   0.0 |  2116
               +---------+---------+-------+---------+---------+-------+---------
           D:1 |       0 |      39 |   0.0 |       0 |      27 |   0.0 |   919
           D:2 |       0 |     108 |   0.0 |       0 |      25 |   0.0 |   786
           D:3 |       0 |      91 |   0.0 |       0 |      20 |   0.0 |   411
               +---------+---------+-------+---------+---------+-------+---------
